 Dungeon Crawl Stone Soup version 0.22-a0-533-g4d20840 (webtiles) character file.

14412 iamserjio the Grappler (level 12, -2/65 HPs)
             Began as a Vine Stalker Skald on June 22, 2018.
             Was the Champion of Cheibriados.
             Slain by a troll (4 damage)
             ... led by an orc knight
             ... on level 1 of the Orcish Mines.
             The game lasted 00:48:11 (3349 turns).

iamserjio the Grappler (Vine Stalker Skald)         Turns: 3349, Time: 00:48:12

Health: -2/65      AC:  7    Str: 30    XL:     12   Next: 16%
Magic:  0/24       EV: 14    Int: 32    God:    Cheibriados [******]
Gold:   67         SH:  5    Dex: 29    Spells: 15/25 levels left

rFire    . . .     SeeInvis .     - Unarmed
rCold    . . .     Gourm    .   (no shield)
rNeg     . . .     Faith    .   d - +0 troll leather armour
rPois    .         Spirit   +   N - +1 helmet
rElec    .         Reflect  +   (no cloak)
rCorr    +         Harm     .   f - +0 pair of gloves
MR       +....                  (no boots)
Stlth    ++........             y - +5 amulet of reflection
HPRegen  1.40/turn              u - ring of resist corrosion
MPRegen  0.19/turn              (no ring)

@: singing (expiring), very slow
A: fangs 3, regeneration 2, magic shield, antimagic bite, no potion heal 3, rot
immunity
a: Bend Time, Temporal Distortion, Slouch, Step From Time, Renounce Religion


You were on level 1 of the Orcish Mines.
You worshipped Cheibriados.
Cheibriados was exalted by your worship.
You were near starving.

You visited 3 branches of the dungeon, and saw 14 of its levels.
You also visited: Sewer.

You collected 995 gold pieces.
You spent 928 gold pieces at shops.

Inventory:

Hand Weapons
 m - a +0 blowgun
Missiles
 x - 3 curare-tipped needles {!f}
 G - 6 tomahawks of dispersal (quivered)
Armour
 d - a +0 troll leather armour (worn)
 f - a +0 pair of gloves (worn)
 k - a +0 plate armour of cold resistance
 l - a +1 plate armour of fire resistance
 n - a +0 shield
 v - a +0 scale mail
 F - a +2 chain mail of cold resistance
 N - a +1 helmet (worn)
Jewellery
 s - an uncursed ring of ice
 u - a ring of resist corrosion (left hand)
 y - a +5 amulet of reflection (around neck)
 J - a cursed amulet of inaccuracy {unknown}
Wands
 a - a wand of digging (5)
 b - a wand of iceblast (9)
 e - a wand of paralysis (19)
Scrolls
 i - a scroll of summoning {unknown}
 j - 4 scrolls of teleportation
 r - 4 scrolls of remove curse {@r2}
 I - a scroll of amnesia {unknown}
 L - a scroll of enchant weapon {unknown}
Potions
 g - 2 potions of mutation {unknown}
 h - 5 potions of brilliance
 o - a potion of resistance
 p - a potion of lignification {unknown}
 q - 2 potions of flight
 t - a potion of degeneration {unknown}
 w - a potion of berserk rage {unknown}
 z - a potion of ambrosia {unknown}
 B - a potion of might {unknown}
 C - a potion of heal wounds {unknown}
 E - a potion of curing {@q1}
Miscellaneous
 M - a lightning rod (4/4)
Comestibles
 c - 8 rations


   Skills:
 * Level 8.7 Fighting
 - Level 0.7 Armour
 - Level 3.0 Dodging
 * Level 11.8 Unarmed Combat
 + Level 7.3 Spellcasting
 - Level 5.0 Charms
 - Level 5.0 Necromancy
 - Level 2.0 Translocations
 + Level 6.9 Invocations


You had 15 spell levels left.
You knew the following spells:

 Your Spells              Type           Power        Failure   Level  Hunger
a - Infusion              Chrm           ####         1%          1    None
b - Song of Slaying       Chrm           #####...     1%          2    None
c - Regeneration          Chrm/Necr      #####.....   1%          3    None
d - Shroud of Golubria    Chrm/Tloc      ####......   1%          2    None
e - Blink                 Tloc           N/A          3%          2    None

Your spell library contained the following spells:

 Spells                   Type           Power        Failure   Level  Hunger
 Magic Dart               Conj           ##..         4%          1    None
 Conjure Flame            Conj/Fire      ##......     13%         3    None
 Slow                     Hex            ##......     7%          2    None
 Mephitic Cloud           Conj/Pois/Air  ##......     13%         3    None
 Call Imp                 Summ           ##......     7%          2    None
 Spectral Weapon          Hex/Chrm       ####....     4%          3    None


Dungeon Overview and Level Annotations

Branches:
Dungeon (11/15)            Temple (1/1) D:4             Orc (2/2) D:10
    Elf (0/3) Orc:2
   Lair: D:8-11

Altars:
Cheibriados
Dithmenos
Fedhas
Hepliaklqana
Kikubaaqudgha
Nemelex Xobeh
Qazlal
Ru
Sif Muna
Trog
Wu Jian
Zin
The Shining One

Shops:
D:4 (   Orc:2 ((=[}*


Innate Abilities, Weirdness & Mutations

You have razor-sharp teeth.
You heal very quickly.
When hurt, damage is shared between your health and your magic reserves.
Your bite disrupts and absorbs the magic of your enemies.
Potions cannot restore your health.
You are immune to rotting.


Message History

You can feel time thicken for a moment.
You kill the orc priest!
Cheibriados thoroughly appreciates the change of pace.
You kill the orc!
Cheibriados appreciates the change of pace.
You kill the orc priest!
Cheibriados thoroughly appreciates the change of pace.
You feel somewhat more hungry.
You punch the orc knight!
You punch the orc knight, but do no damage.
You bite the orc knight, but do no damage.
The orc knight is almost dead.
You hit the orc knight.
You kill the orc knight!
Cheibriados thoroughly appreciates the change of pace.
Your song is almost over.
The troll closely misses you. The troll claws you!
* * * LOW HITPOINT WARNING * * *
The troll claws you.
You die...

.............#####.......# ###
.........)..### #......### ..#
...#.....(....####....##
#####.## ....#.##.......#
##....###.#)<...
......#.......##
#......#........
......#........#
##....#)).....#.
........###..)o######.#........#
##...... ##.ooT)# ###.^........
....... ##...)#@# ##.........
..###. #...oo### #.......#. ..
#........# ###....... ##......##
###..... #......# .....
......... ...## .........
.....#... ....##....


You could see a troll, an orc warrior, an orc wizard and an orc.

Vanquished Creatures
  Fannar (Orc:1)
  A skeletal warrior (D:10)
  Pikel (D:5)
  5 orc knights
  An orc sorcerer (Orc:1)
  A gargoyle (D:10)
  A hornet (D:9)
  2 trolls
  A hippogriff (D:8)
  A wyvern (D:8)
  A steam dragon (D:10)
  A water moccasin (D:8)
  Duvessa (D:7)
  34 orc warriors
  2 ice beasts
  3 sky beasts
  3 black bears
  A necrophage (D:8)
  A phantom (D:11)
  7 ogres
  14 centaurs
  A crocodile (D:10)
  2 big kobolds
  3 bullfrogs
  Dowan (D:7)
  A wyvern zombie (D:9)
  A wyvern skeleton (D:9)
  2 scorpions
  7 wights
  A howler monkey (D:8)
  A bullfrog zombie (D:7)
  A centaur zombie (D:8)
  2 crimson imps
  4 hounds
  3 jellies
  A quasit (D:8)
  3 bullfrog skeletons
  A gnoll shaman (D:10)
  12 orc priests
  10 orc wizards
  4 worker ants
  A worker ant zombie (D:11)
  9 gnolls
  12 adders
  3 river rats
  2 oozes (Sewer)
  3 worms
  2 dart slugs (D:3)
  5 leopard geckos
  86 orcs
  A bat (D:3)
  6 giant cockroaches
  A goblin (D:3)
  7 hobgoblins
  8 jackals
  8 quokkas
  5 ball pythons
  2 frilled lizards
  A giant cockroach zombie (D:5)
  A jackal skeleton (D:5)
  21 kobolds
  A quokka skeleton (D:10)
  8 rats
337 creatures vanquished.

Vanquished Creatures (others)
  A centaur (Orc:2)
  An orc priest (Orc:1)
  An orc (Orc:1)
  2 fungi (D:8)
  A plant (D:8)
6 creatures vanquished.

Grand Total: 343 creatures vanquished

Notes
Turn   | Place    | Note
-------+----------+-------------------------------------------
     0 | D:1      | iamserjio the Vine Stalker Skald began the quest for the Orb.
     0 | D:1      | Reached XP level 1. HP: 11/11 MP: 4/4
    26 | D:2      | Reached XP level 2. HP: 6/15 MP: 1/6
    49 | D:2      | Learned a level 2 spell: Song of Slaying
   244 | D:2      | Reached skill level 3 in Unarmed Combat
   249 | D:2      | Reached XP level 3. HP: 3/18 MP: 7/7
   255 | D:2      | Learned a level 3 spell: Regeneration
   272 | D:4      | Noticed a scorpion
   277 | D:3      | Gained mutation: Your natural rate of healing is unusually fast. [Vine Stalker growth]
   277 | D:3      | Reached XP level 4. HP: 5/23 MP: 1/8
   349 | D:3      | Found a glowing golden altar of the Shining One.
   357 | D:3      | Reached skill level 4 in Unarmed Combat
   514 | D:3      | Reached XP level 5. HP: 19/28 MP: 7/9
   550 | D:4      | Found a staircase to the Ecumenical Temple.
   559 | Temple   | Entered the Ecumenical Temple
   566 | Temple   | Became a worshipper of Cheibriados the Contemplative
   610 | D:4      | Found an ornate altar of the Wu Jian Council.
   657 | D:4      | Reached skill level 5 in Unarmed Combat
   657 | D:4      | Reached XP level 6. HP: 25/32 MP: 10/10
   661 | D:4      | Learned a level 2 spell: Shroud of Golubria
   839 | D:4      | Reached * piety under Cheibriados
   906 | D:4      | Reached skill level 6 in Unarmed Combat
   907 | D:4      | Found Keto Dua's Weapon Emporium.
   915 | D:4      | Bought 3 curare-tipped needles for 18 gold pieces
   942 | D:4      | You fall through a shaft!
   942 | D:5      | Entered Level 5 of the Dungeon
   985 | D:5      | Reached XP level 7. HP: 26/37 MP: 5/11
  1025 | D:5      | Noticed Pikel
  1048 | D:5      | Killed Pikel
  1048 | D:5      | Reached skill level 7 in Unarmed Combat
  1048 | D:5      | Reached skill level 1 in Necromancy
  1048 | D:5      | Reached skill level 1 in Invocations
  1048 | D:5      | Gained mutation: You have razor-sharp teeth. [Vine Stalker growth]
  1048 | D:5      | Reached XP level 8. HP: 17/42 MP: 4/13
  1200 | D:5      | Found a glowing drain.
  1205 | Sewer    | Entered a sewer
  1311 | Sewer    | Reached ** piety under Cheibriados
  1532 | D:6      | Reached skill level 5 in Fighting
  1564 | D:6      | Reached *** piety under Cheibriados
  1613 | D:7      | Noticed Duvessa
  1614 | D:7      | Noticed Dowan
  1641 | D:7      | Killed Duvessa
  1641 | D:7      | Reached skill level 8 in Unarmed Combat
  1641 | D:7      | Reached XP level 9. HP: 42/47 MP: 13/15
  1647 | D:7      | Killed Dowan
  1820 | D:8      | Learned a level 2 spell: Blink
  1835 | D:8      | Found a blossoming altar of Fedhas.
  1917 | D:7      | Reached **** piety under Cheibriados
  1923 | D:7      | Reached skill level 9 in Unarmed Combat
  1964 | D:9      | Reached skill level 5 in Spellcasting
  2084 | D:9      | Found a shadowy altar of Dithmenos.
  2171 | D:8      | Reached XP level 10. HP: 35/53 MP: 18/18
  2185 | D:9      | Paralysed by an orc for 6 turns
  2229 | D:9      | Paralysed by a hornet for 2 turns
  2232 | D:9      | Reached ***** piety under Cheibriados
  2276 | D:10     | Entered Level 10 of the Dungeon
  2379 | D:10     | Noticed a gargoyle
  2386 | D:10     | Reached skill level 5 in Invocations
  2394 | D:10     | Killed a gargoyle
  2413 | D:11     | Reached skill level 10 in Unarmed Combat
  2575 | D:10     | Found a staircase to the Orcish Mines.
  2577 | D:10     | Reached ****** piety under Cheibriados
  2609 | D:11     | Noticed a skeletal warrior
  2617 | D:10     | Reached skill level 1 in Translocations
  2673 | D:10     | Killed a skeletal warrior
  2673 | D:10     | Reached XP level 11. HP: 36/58 MP: 21/21
  2713 | Orc:1    | Entered Level 1 of the Orcish Mines
  2723 | Orc:1    | Noticed an orc knight
  2737 | Orc:1    | Killed an orc knight
  2841 | Orc:2    | Entered Level 2 of the Orcish Mines
  2848 | Orc:2    | Noticed an orc knight
  2870 | Orc:2    | Killed an orc knight
  2896 | Orc:2    | Found Uhey's Gadget Emporium.
  2925 | Orc:2    | Bought a wand of digging (8) for 288 gold pieces
  2925 | Orc:2    | Bought a wand of iceblast (9) for 156 gold pieces
  2925 | Orc:2    | Bought a wand of paralysis (8) for 120 gold pieces
  2925 | Orc:2    | Bought a wand of paralysis (11) for 156 gold pieces
  2960 | Orc:2    | Noticed an orc knight
  2963 | Orc:2    | HP: 1/58 [centaur/arrow (10)]
  2989 | Orc:2    | Reached skill level 11 in Unarmed Combat
  3012 | Orc:2    | Killed an orc knight
  3025 | Orc:2    | Noticed an orc knight
  3032 | Orc:2    | Killed an orc knight
  3057 | Orc:2    | Reached skill level 5 in Necromancy
  3066 | Orc:2    | Reached skill level 5 in Charms
  3098 | Orc:2    | Found Soatopo's Jewellery Emporium.
  3098 | Orc:2    | Found Eklo Waar's Antique Weapon Boutique.
  3100 | Orc:2    | Found Ypaixkog's Antique Weapon Shop.
  3102 | Orc:2    | Found Heyziuts's Armour Shoppe.
  3106 | Orc:2    | Bought a +0 shield for 58 gold pieces
  3191 | Orc:2    | Found a staircase to the Elven Halls.
  3192 | Orc:2    | Found Rigikk's Assorted Antiques.
  3201 | Orc:2    | Bought a scroll labeled QAIJEA MAGGUZ for 23 gold pieces
  3201 | Orc:2    | Bought a scroll of teleportation for 69 gold pieces
  3220 | Orc:1    | Noticed Fannar
  3235 | Orc:1    | Killed Fannar
  3235 | Orc:1    | Gained mutation: You heal very quickly. [Vine Stalker growth]
  3235 | Orc:1    | Reached XP level 12. HP: 48/65 MP: 23/23
  3255 | Orc:2    | Bought a glowing coppery potion for 20 gold pieces
  3255 | Orc:2    | Bought a coppery potion for 20 gold pieces
  3349 | Orc:1    | HP: 2/65 [troll[an orc knight] (8)]
  3349 | Orc:1    | Slain by a troll

Vault maps used:
D:1:      ncdulo_smallfort, minmay_shallow_snake_nest
D:3:      lemuel_round_altar, uniq_jessica, uniq_crazy_yiuf_cottage
D:4:      grunt_temple_overflow_champion_of_chaos,
          nicolae_overflow_hidden_temple, minmay_temple_entry_mist,
          first_ration, serial_shops, shop, cheibrodos_gnoll_hut
D:5:      portal_sewer_entry_e, uniq_pikel
D:6:      okawaru_altar_gauntlet_db, minmay_unpleasant_kobolds
D:7:      minmay_cornered_nines, uniq_duvessa
D:8:      fedhas_altar_3, gammafunk_temple_overflow_statue
D:9:      nicolae_dithmenos_the_darkroom, kennysheep_little_box, grunt_pizzeria,
          uniq_grum
D:10:     hiddenorc2_lemuel, uniq_urug
D:11:     lair_entry_dummy, hex_intersection
Temple:   nicolae_temple_x_marks_the_god
Orc:1:    uniq_fannar
Orc:2:    st_orc_rangers, serial_shops, shop_coins, shop
Sewer:    sewer_co_15_rooms

Skill      XL: |  1  2  3  4  5  6  7  8  9 10 11 |
---------------+----------------------------------+-----
Fighting       | 2 3 4 5 6 8 |  8.7
Unarmed Combat | 3 4 5 6 7 8 9 10 11 | 11.8
Spellcasting   | 3 5 6 7 |  7.3
Necromancy     | 1 3 4 5 |  5.0
Invocations    | 1 3 4 5 6 |  6.9
Dodging        | 3 |  3.0
Charms         | 4 5 |  5.0
Translocations | 1 2 |  2.0
Armour         | |  0.7

Action                   |  1- 3 |  4- 6 |  7- 9 | 10-12 || total
-------------------------+-------+-------+-------+-------++-------
Melee: Unarmed           |    15 |    33 |   277 |   408 ||   733
       Bite              |    11 |    37 |    89 |   211 ||   348
       Flail             |    23 |       |       |       ||    23
       Club              |    10 |       |       |       ||    10
       Spear             |       |   119 |       |       ||   119
       Punch             |       |     3 |    14 |    41 ||    58
 Cast: Infusion          |     5 |    10 |    10 |     4 ||    29
       Song of Slaying   |     1 |     3 |     6 |    13 ||    23
       Shroud of Golubri |       |       |     2 |     8 ||    10
       Regeneration      |       |       |     1 |    19 ||    20
Invok: Bend Time         |       |       |     1 |       ||     1
       Slouch            |       |       |       |     2 ||     2
       Temporal Distorti |       |       |       |     2 ||     2
Evoke: Wand              |       |     3 |     2 |     4 ||     9
       Lightning rod     |       |       |       |     3 ||     3
  Use: Scroll            |       |       |     3 |     6 ||     9
       Potion            |       |       |       |     2 ||     2
 Stab: Sleeping          |       |       |     1 |     2 ||     3
  Eat: Chunk             |       |     1 |     3 |     3 ||     7
Armor: Ring mail         |    29 |    56 |   108 |    17 ||   210
       Leather armour    |     1 |       |       |       ||     1
       Chain mail        |       |       |       |    99 ||    99
       Troll leather arm |       |       |       |    32 ||    32
Dodge: Dodged            |    46 |    92 |   157 |   302 ||   597
Block: Other             |       |       |       |    72 ||    72
       Reflection        |       |       |       |    13 ||    13

Table legend:
 A = Spawn XP
 B = Non-spawn XP
 C = Spawn XP percentage of total XP
 D = Spawn monster count
 E = Non-spawn monster count
 F = Spawn count percentage of total count
 G = Total turns spent on level
                    A         B        C        D         E        F      G
               +---------+---------+-------+---------+---------+-------+---------
         Total |       0 |   20589 |   0.0 |       0 |     339 |   0.0 |  3349
               +---------+---------+-------+---------+---------+-------+---------
           D:2 |       0 |      30 |   0.0 |       0 |      11 |   0.0 |   216
           D:3 |       0 |     168 |   0.0 |       0 |      30 |   0.0 |   310
           D:4 |       0 |     410 |   0.0 |       0 |      16 |   0.0 |   384
           D:5 |       0 |    1034 |   0.0 |       0 |      14 |   0.0 |   270
           D:6 |       0 |     337 |   0.0 |       0 |      21 |   0.0 |   180
           D:7 |       0 |     874 |   0.0 |       0 |      19 |   0.0 |   185
           D:8 |       0 |    1075 |   0.0 |       0 |      15 |   0.0 |   260
           D:9 |       0 |    1367 |   0.0 |       0 |      29 |   0.0 |   224
          D:10 |       0 |    3460 |   0.0 |       0 |      62 |   0.0 |   369
          D:11 |       0 |     621 |   0.0 |       0 |      12 |   0.0 |    68
         Orc:1 |       0 |    4820 |   0.0 |       0 |      43 |   0.0 |   243
         Orc:2 |       0 |    6226 |   0.0 |       0 |      51 |   0.0 |   393
         Sewer |       0 |     167 |   0.0 |       0 |      16 |   0.0 |   204
               +---------+---------+-------+---------+---------+-------+---------
